 Dungeon Crawl Stone Soup version 0.27.0-1-g7a089689b8 (console) character file.

Game seed: 885450639544604402

4422 jejorda2 the Cleaver (level 10, -4/114 HPs)
             Began as a Barachi Enchanter on Aug 7, 2021.
             Was a Priest of Trog.
             Slain by a skeletal warrior (19 damage)
             ... led by a skeletal warrior
             ... on level 9 of the Dungeon.
             The game lasted 00:23:01 (9242 turns).

jejorda2 the Cleaver (Barachi Enchanter)            Turns: 9242, Time: 00:23:02

Health: -4/114     AC: 17    Str: 12    XL:     10   Next: 36%
Magic:  13/13      EV:  7    Int: 16    God:    Trog [***...]
Gold:   286        SH:  0    Dex: 13    Spells: 13/13 levels left

rFire    + . .     SeeInvis .   b - +1 battleaxe (vorpal)
rCold    + . .     Faith    +   (shield currently unavailable)
rNeg     . . .     Spirit   .   t - +1 chain mail {rF+}
rPois    .         Reflect  .   (no helmet)
rElec    .         Harm     .   e - +1 cloak
rCorr    .         Rampage  .   (no gloves)
Will     .....                  (no boots)
Stlth    ..........             y - amulet of faith
HPRegen  0.29/turn              m - +4 ring of protection
MPRegen  0.13/turn              E - ring of protection from cold

@: mighty, berserking (expiring), quick
A: amphibious, slowness 1, strong legs 1, +LOS
a: Hop, Renounce Religion, Berserk, Trog's Hand


You were on level 9 of the Dungeon.
You worshipped Trog.
Trog was most pleased with you.
You visited 1 branch of the dungeon, and saw 9 of its levels.

You collected 341 gold pieces.
You spent 55 gold pieces at shops.

Inventory:

Hand Weapons
 a - a +1 vorpal war axe
 b - a +1 vorpal battleaxe (weapon)
 k - a +0 flail
Missiles
 u - 5 silver boomerangs
 v - 3 javelins (quivered)
 z - 2 throwing nets
Armour
 e - a +1 cloak (worn)
 t - a +1 chain mail of fire resistance (worn)
Jewellery
 m - a +4 ring of protection (left hand)
 y - an amulet of faith (around neck)
 D - a ring of flight
 E - a ring of protection from cold (right hand)
Wands
 l - a wand of paralysis (8)
 x - a wand of charming (4)
Scrolls
 f - a scroll of fog
 h - 7 scrolls of teleportation
 w - 2 scrolls of magic mapping
Potions
 c - a potion of heal wounds {unknown}
 d - a potion of haste
 g - 4 potions of curing
 i - a potion of might
 n - a potion of attraction {unknown}
 q - a potion of lignification
 r - a potion of magic
 A - a potion of cancellation
 F - a potion of brilliance {unknown}


   Skills:
 - Level 6.0 Fighting
 - Level 1.5 Short Blades
 * Level 12.5 Axes
 - Level 6.0 Armour
 + Level 5.5 Dodging
 - Level 2.6 Stealth
 - Level 2.4 Spellcasting
 - Level 3.4 Hexes


You had 13 spell levels left.
You didn't know any spells.
Your spell library contained the following spells:

 Spells                   Type           Power      Damage    Failure   Level
 Corona                   Hex            14%        N/A       80%         1
 Ensorcelled Hibernation  Hex/Ice        14%        N/A       99%         2
 Confusing Touch          Hex            13%        N/A       99%         3
 Tukima's Dance           Hex            13%        N/A       99%         3
 Dazzling Flash           Conj/Hex       14%        N/A       100%        3


Dungeon Overview and Level Annotations

Branches:
Dungeon (9/15)             Temple (0/1) D:5
   Lair: D:8-11         Orc: D:9-12

Altars:
Dithmenos
Elyvilon
Fedhas
Okawaru
Trog

Shops:
D:2 ?   D:4 [


Innate Abilities, Weirdness & Mutations

You are amphibious.
You cover ground slowly.
You can hop short distances.
You have an extended range of vision and can be seen from far away.


Message History

A skeletal warrior comes into view. It is wielding a +0 scimitar.
The skeletal warrior hits you from afar with a +0 trident.
b - a +1 vorpal battleaxe (weapon)
A red film seems to cover your vision as you go berserk!
You feel yourself moving faster!
You feel mighty! The skeletal warrior barely misses you.
You slash the skeletal warrior!
The skeletal warrior is lightly damaged.
Your extra speed is starting to run out.
The skeletal warrior closely misses you.
You hit the skeletal warrior but do no damage.
The skeletal warrior is lightly damaged.
The skeletal warrior hits you from afar with a +0 trident!
The skeletal warrior hits you with a +0 flail.
You hit the skeletal warrior.
The skeletal warrior is moderately damaged.
The skeletal warrior hits you from afar with a +0 trident!!
The skeletal warrior hits you with a +0 flail!
You hit the skeletal warrior but do no damage.
The skeletal warrior is moderately damaged.
You closely miss the skeletal warrior.
The skeletal warrior is moderately damaged.
The skeletal warrior hits you but does no damage. x2
You closely miss the skeletal warrior.
The skeletal warrior is moderately damaged.
The skeletal warrior hits you from afar with a +0 trident!
* * * LOW HITPOINT WARNING * * *
The skeletal warrior hits you with a +0 flail!
* * * LOW HITPOINT WARNING * * *
You hit the skeletal warrior but do no damage.
The skeletal warrior is moderately damaged.
The skeletal warrior barely misses you. x2
You slash the skeletal warrior!
The skeletal warrior is heavily damaged.
The skeletal warrior hits you from afar with a +0 trident.
* * * LOW HITPOINT WARNING * * *
You closely miss the skeletal warrior.
The skeletal warrior is heavily damaged.
The skeletal warrior hits you with a +0 flail!!
You die...

### ### ### ###
#.####@#
#.#####.###..##z##
..............zz#
...............z###
..................##
........)......)...#
...................##
....................#
.............((.....#


You could see 4 skeletal warriors.

Vanquished Creatures
  A two-headed ogre (D:6)
  A skeletal warrior (D:9)
  2 yaks (D:8)
  A water moccasin (D:8)
  An orc warrior (D:6)
  4 sky beasts
  An ice beast (D:5)
  A necrophage (D:4)
  3 ogres
  2 phantoms (D:5)
  A kobold brigand (D:7)
  A bullfrog (D:7)
  A gnoll sergeant (D:5)
  A wyvern zombie (D:7)
  A scorpion (D:5)
  A wyvern skeleton (D:6)
  3 wights (D:9)
  4 killer bees (D:8)
  2 howler monkeys (D:9)
  3 centaur zombies
  2 hounds (D:5)
  A bullfrog skeleton (D:7)
  4 orc priests
  A centaur skeleton (D:6)
  6 orc wizards
  An iguana (D:6)
  Terence (D:3)
  A howler monkey skeleton (D:5)
  9 gnolls (D:5)
  9 adders
  A shadow imp (D:6)
  A white imp (D:6)
  An adder skeleton (D:4)
  A worm (D:5)
  3 dart slugs
  16 orcs
  8 endoplasms
  4 giant cockroaches
  2 goblins (D:2)
  5 hobgoblins
  5 jackals
  8 quokkas
  8 ball pythons
  3 bats
  4 frilled lizards
  12 kobolds
  3 rats
155 creatures vanquished.

Vanquished Creatures (collateral kills)
  3 yaks (D:8)
3 creatures vanquished.

Grand Total: 158 creatures vanquished

Notes
Turn   | Place    | Note
-------+----------+-------------------------------------------
     0 | D:1      | jejorda2 the Barachi Enchanter began the quest for the Orb.
     0 | D:1      | Reached XP level 1. HP: 13/13 MP: 3/3
   318 | D:1      | Reached XP level 2. HP: 20/20 MP: 5/5
   386 | D:1      | Found a faded altar of an unknown god.
   390 | D:1      | Became a worshipper of Trog the Wrathful
   390 | D:1      | Reached * piety under Trog
   426 | D:1      | Reached skill level 1 in Fighting
  1084 | D:2      | Reached skill level 1 in Armour
  1245 | D:2      | Reached XP level 3. HP: 22/27 MP: 6/6
  1854 | D:2      | Reached skill level 1 in Axes
  1973 | D:2      | Found Ekatt's Magic Scroll Shoppe.
  1982 | D:2      | Bought a scroll of teleportation for 33 gold pieces
  1982 | D:2      | Bought a scroll of identify for 22 gold pieces
  2449 | D:3      | Noticed Terence
  2600 | D:3      | Killed Terence
  2601 | D:3      | Reached XP level 4. HP: 34/34 MP: 7/7
  2923 | D:3      | Reached skill level 2 in Axes
  2984 | D:3      | Reached ** piety under Trog
  3294 | D:3      | Reached XP level 5. HP: 40/40 MP: 8/8
  3359 | D:4      | Noticed a necrophage
  3366 | D:4      | Killed a necrophage
  3367 | D:4      | Reached skill level 3 in Axes
  3651 | D:4      | Reached XP level 6. HP: 44/47 MP: 9/9
  3834 | D:4      | Found a white marble altar of Elyvilon.
  3990 | D:4      | Found Udgherghee's Antique Armour Shop.
  4105 | D:5      | Entered Level 5 of the Dungeon
  4287 | D:5      | Noticed a sky beast
  4295 | D:5      | Noticed a sky beast
  4307 | D:5      | Killed a sky beast
  4308 | D:5      | Reached skill level 4 in Axes
  4596 | D:5      | Killed a sky beast
  4597 | D:5      | Reached XP level 7. HP: 54/54 MP: 10/10
  4681 | D:5      | Reached skill level 5 in Axes
  5238 | D:5      | Found a blossoming altar of Fedhas.
  5402 | D:5      | Reached skill level 5 in Fighting
  5402 | D:5      | Reached skill level 6 in Axes
  5586 | D:5      | Reached skill level 5 in Armour
  5586 | D:5      | Reached XP level 8. HP: 47/62 MP: 11/11
  5863 | D:5      | Found a staircase to the Ecumenical Temple.
  5932 | D:6      | Reached skill level 7 in Axes
  6202 | D:6      | Reached skill level 8 in Axes
  6572 | D:6      | Reached *** piety under Trog
  7106 | D:6      | Noticed a two-headed ogre
  7117 | D:6      | Killed a two-headed ogre
  7118 | D:6      | Reached skill level 10 in Axes
  7118 | D:6      | Reached XP level 9. HP: 33/69 MP: 12/12
  7407 | D:6      | Found a shadowy altar of Dithmenos.
  8055 | D:7      | Reached skill level 11 in Axes
  8132 | D:7      | Found an iron altar of Okawaru.
  8519 | D:8      | Reached **** piety under Trog
  8524 | D:8      | Reached XP level 10. HP: 58/76 MP: 13/13
  8545 | D:8      | Reached skill level 12 in Axes
  8892 | D:8      | Noticed a tengu warrior
  9084 | D:9      | Reached skill level 5 in Dodging
  9202 | D:9      | Noticed a skeletal warrior
  9204 | D:9      | Noticed a skeletal warrior
  9204 | D:9      | Noticed a skeletal warrior
  9208 | D:9      | Noticed a skeletal warrior
  9228 | D:9      | Killed a skeletal warrior
  9231 | D:9      | Noticed a skeletal warrior
  9242 | D:9      | Slain by a skeletal warrior

Illustrated notes

Levels and vault maps discovered:
D:1:      psy_arrival_heroes, layout_loops_cross, shapermc_ecumenical_altar_venn
D:2:      wander_river, layout_basic, serial_shops, shop, chequers_garden,
          grunt_ministairs_10
D:3:      layout_loops_ring, minmay_quadrilaterals, uniq_terence
D:4:      layout_loops_ring, elyvilon_altar_5, serial_shops, shop
D:5:      layout_basic, kennysheep_little_box, minmay_temple_entry_fiery
D:6:      layout_loops_corners, mainiacjoe_overflow_alcove_4,
          minmay_increasing_density
D:7:      layout_loops_corners, mainiacjoe_overflow_brackets
D:8:      layout_loops_cross, erik_lair_island
D:9:      layout_layer_cave, nicolae_hepliaklqana_monster_ancestors,
          mainiacjoe_overflow_chevrons, orc_0_dummy

Skill      XL: |  1  2  3  4  5  6  7  8  9 10 |
---------------+-------------------------------+-----
Fighting       | 1 2 3 4 5 6 |  6.0
Armour         | 1 2 3 4 5 6 |  6.0
Axes           | 1 2 3 4 6 10 11 12 | 12.5
Dodging        | 4 5 |  5.5
Short Blades   | |  1.5
Stealth        | |  2.6
Spellcasting   | |  2.4
Hexes          | |  3.4

Action                   |  1- 3 |  4- 6 |  7- 9 | 10-12 || total
-------------------------+-------+-------+-------+-------++-------
Melee: Dagger            |    84 |       |       |       ||    84
       Battleaxe         |    85 |   147 |   182 |     9 ||   423
       War axe           |       |       |   159 |    48 ||   207
Throw: Boomerang         |       |       |       |     8 ||     8
       Javelin           |       |       |       |     3 ||     3
 Cast: Corona            |     2 |       |       |       ||     2
Invok: Berserk           |     1 |     4 |    10 |     2 ||    17
       Trog's Hand       |       |     1 |     2 |     1 ||     4
       Brothers in Arms  |       |       |       |     1 ||     1
 Abil: Hop               |     2 |     3 |     1 |     2 ||     8
Evoke: Wand              |       |       |       |     5 ||     5
  Use: Scroll            |       |       |    17 |       ||    17
       Potion            |       |       |       |     2 ||     2
 Stab: Sleeping          |     2 |       |       |       ||     2
       Distracted        |     1 |       |       |       ||     1
Armor: Robe              |    16 |       |       |       ||    16
       Scale mail        |    60 |    23 |       |       ||    83
       Chain mail        |       |   104 |   276 |    49 ||   429
Dodge: Dodged            |    83 |    43 |    84 |    29 ||   239
Block: Other             |    14 |    33 |    20 |       ||    67
